 Dungeon Crawl Stone Soup version 0.28-b1-1-g3c77fb2ed1 (webtiles) character file.

Game seed: 1144827148725098447

26 croobank the Magician (level 3, -2/25 HPs)
             Began as a Merfolk Hedge Wizard on Jan 30, 2022.
             Slain by Natasha (9 damage)
             ... on level 2 of the Dungeon.
             The game lasted 00:04:37 (1477 turns).

croobank the Magician (Merfolk Hedge Wizard)        Turns: 1477, Time: 00:04:42

Health: -2/25      AC:  2    Str: 10    XL:     3   Next: 8%
Magic:  1/8        EV: 13    Int: 15    God:
Gold:   45         SH:  0    Dex: 13    Spells: 3/9 levels left

rFire   . . .      SeeInvis .   f - staff of conjuration
rCold   . . .      Faith    .   (no shield)
rNeg    . . .      Spirit   .   b - +0 robe
rPois   .          Reflect  .   c - +0 hat
rElec   .          Harm     .   (no cloak)
rCorr   .          Rampage  .   (no gloves)
Will    .....                   (no boots)
Stlth   ++........              (no amulet)
HPRegen 0.08/turn               (no ring)
MPRegen 0.11/turn               (no ring)

@: very slightly contaminated
A: (nimble swimmer 2), mertail
a: no special abilities


You were on level 2 of the Dungeon.
You visited 1 branch of the dungeon, and saw 2 of its levels.

You collected 45 gold pieces.

Inventory:

Hand Weapons
 a - a +0 dagger
Armour
 b - a +0 robe (worn)
 c - a +0 hat (worn)
Magical Staves
 f - a staff of conjuration (weapon)
 h - a staff of poison
Jewellery
 g - a ring of resist corrosion
Scrolls
 d - 2 scrolls of identify {unknown}
 e - a scroll of vulnerability {unknown}


   Skills:
 + Level 0.7 Fighting
 + Level 0.5 Short Blades
 + Level 3.3 Dodging
 + Level 2.1 Stealth
 + Level 3.5 Spellcasting
 + Level 0.8 Conjurations
 + Level 1.0 Summonings
 + Level 0.7 Translocations


You had 3 spell levels left.
You knew the following spells:

 Your Spells              Type           Power      Damage    Failure   Level
a - Magic Dart            Conj           28%        1d4       14%         1
b - Slow                  Hex            8%         N/A       19%         1
c - Call Imp              Summ           5%         N/A       19%         2
d - Blink                 Tloc           8%         N/A       22%         2

Your spell library contained the following spells:

 Spells                   Type           Power      Damage    Failure   Level
 Conjure Flame            Conj/Fire      5%         6-21      43%         3
 Mephitic Cloud           Conj/Pois/Air  5%         N/A       45%         3


Dungeon Overview and Level Annotations

Branches:
Dungeon (2/15)

Altars:

Annotations:
D:2 Natasha


Innate Abilities, Weirdness & Mutations

((You are very nimble when in or above water. (Stealth+, EV+, Speed+++)))
Your lower body shifts to a powerful aquatic tail in water.


Message History

Natasha is heavily wounded.
The crimson imp blinks!
Natasha barely misses you.
Casting: Magic Dart (safe; 14% risk of failure)
Confirm with . or Enter, or press ? or * to list all spells.
Aiming: Magic Dart (safe; 14% risk of failure)
Press: ? - help, Shift-Dir - straight line, f/p - Natasha
Aim: Natasha (heavily wounded, 100% to hit)
You feel a surge of power!
The magic dart hits Natasha.
Natasha is heavily wounded.
Natasha claws you!
Casting: Magic Dart (safe; 14% risk of failure)
Confirm with . or Enter, or press ? or * to list all spells.
Aiming: Magic Dart (safe; 14% risk of failure)
Press: ? - help, Shift-Dir - straight line, f/p - Natasha
Aim: Natasha (heavily wounded, 100% to hit)
You feel a surge of power!
The magic dart hits Natasha.
Natasha is heavily wounded.
Natasha closely misses you.
Casting: Magic Dart (safe; 14% risk of failure)
Confirm with . or Enter, or press ? or * to list all spells.
Aiming: Magic Dart (safe; 14% risk of failure)
Press: ? - help, Shift-Dir - straight line, f/p - Natasha
Aim: Natasha (heavily wounded, 100% to hit)
You feel a surge of power!
You miscast Magic Dart.
You are very lightly contaminated with residual magic.
Nothing appears to happen.
Natasha mumbles some strange words.
Natasha's front paws start to glow.
Natasha claws you!
* * * LOW HITPOINT WARNING * * *
The crimson imp blinks!
Casting: Magic Dart (safe; 14% risk of failure)
Confirm with . or Enter, or press ? or * to list all spells.
Aiming: Magic Dart (safe; 14% risk of failure)
Press: ? - help, Shift-Dir - straight line, f/p - Natasha
Aim: Natasha (heavily wounded, 100% to hit)
You feel a surge of power!
The magic dart hits Natasha.
Natasha is almost dead.
Natasha claws you!
You die...

.........###...#
#.............
#....<........ ###
#.#...#.###...
..5......##.#.....
#.###.............
#ยง#
#.#####....... #h#
#.#####....... #@#
#............. #.#
#.#####.....##
#.###.#####.....#
#.........#.#.###
#####.###.#....#
#.# #.....# #.#
........ #.#
#.....## #.#


You could see Natasha and a crimson imp (summoned).

Vanquished Creatures
  A dart slug (D:1)
  3 bats
  An endoplasm (D:1)
  3 goblins (D:1)
  4 hobgoblins (D:1)
  A kobold (D:1)
  2 quokkas (D:1)
  2 ball pythons (D:1)
  A frilled lizard (D:1)
  3 rats (D:1)
21 creatures vanquished.

Notes
Turn   | Place    | Note
-------+----------+-------------------------------------------
     0 | D:1      | croobank the Merfolk Hedge Wizard began the quest for the
                  | Orb.
     0 | D:1      | Reached XP level 1. HP: 13/13 MP: 4/4
     1 | D:1      | Noticed an electric eel
   422 | D:1      | Reached XP level 2. HP: 10/20 MP: 1/6
   424 | D:1      | Learned a level 1 spell: Slow
   427 | D:1      | Learned a level 2 spell: Call Imp
   430 | D:1      | Learned a level 2 spell: Blink
  1168 | D:1      | Reached XP level 3. HP: 19/25 MP: 5/7
  1345 | D:1      | Found a faded altar of an unknown god.
  1466 | D:2      | Noticed Natasha
  1477 | D:2      | Slain by Natasha

Illustrated notes

Levels and vault maps discovered:
D:1:      arrival_aquarium_a, layout_rooms,
          shapermc_ecumenical_altar_mp_vishouse
D:2:      layout_loops_ring, uniq_natasha

Skill      XL: |  1 |
---------------+----+-----
Dodging        | 3 |  3.3
Fighting       | |  0.7
Short Blades   | |  0.5
Stealth        | |  2.1
Spellcasting   | |  3.5
Conjurations   | |  0.8
Summonings     | |  1.0
Translocations | |  0.7

Action                   || total
-------------------------++-------
Melee: Dagger            ||    21
       Staff             ||     9
 Cast: Magic Dart        ||    51
 Stab: Sleeping          ||     1
Armor: Robe              ||     2
Dodge: Dodged            ||    31
